 Dungeon Crawl Stone Soup version 0.31.0-9-g3a7656b989 (webtiles) character file.

Game seed: 16242163549047219608

130 qw the Skirmisher (level 4, -2/25 HPs)
             Began as a Deep Elf Hunter on Feb 2, 2024.
             Slain by a goblin
             ... wielding a +0 club
             ... led by Robin
              (3 damage)
             ... on level 3 of the Dungeon.
             The game lasted 00:00:06 (1711 turns).

qw the Skirmisher (Deep Elf Hunter)                 Turns: 1711, Time: 00:00:06

Health: -2/25      AC:  6    Str:  8 (10) XL:     4   Next: 89%
Magic:  6/6        EV: 10    Int: 13 (14) God:
Gold:   127        SH:  0    Dex: 18      Spells: 3/3 levels left

rFire   . . .        a - +0 shortbow
rCold   . . .        (shield currently unavailable)
rNeg    . . .        i - +1 ring mail
rPois   .            (no helmet)
rElec   .            (no cloak)
rCorr   .            (no gloves)
SInv    .            (no boots)
Will    .....        (no amulet)
Stlth   +            (no ring)
HPRegen 0.24/turn    (no ring)
MPRegen 0.10/turn

%: no passive effects
@: no status effects
A: no striking features
a: no special abilities


You were on level 3 of the Dungeon.
You visited 1 branch of the dungeon, and saw 3 of its levels.

You collected 127 gold pieces.


   Skills:
 - Level 1.5 Fighting
 + Level 8.3 Ranged Weapons
 - Level 2.4 Dodging
 - Level 1.2 Stealth


You had 3 spell levels left.
You didn't know any spells.
Your spell library was empty.

Inventory:

Hand Weapons
 a - a +0 shortbow (weapon)
Armour
 i - a +1 ring mail (worn)
Potions
 d - 2 potions of curing
 e - a potion of resistance

Dungeon Overview and Level Annotations

Branches:
Dungeon (3/15)

Altars:

Annotations:
D:3 Robin


Message History

The arrow hits the goblin.
You kill the goblin!
Robin throws the goblin at you!
You feel your dexterity returning.
You shoot an arrow. The arrow closely misses the goblin.
The arrow hits the goblin!
You kill the goblin!
The goblin hits you with a +0 club. The goblin closely misses you.
You shoot an arrow. The arrow hits the goblin!
You kill the goblin!
The goblin barely misses you.
You shoot an arrow.
The arrow completely misses the hobgoblin.
The arrow hits the hobgoblin.
The hobgoblin is almost dead.
The goblin hits you but does no damage.
You shoot an arrow.
The arrow hits the hobgoblin but does no damage.
The hobgoblin is almost dead.
Robin throws the goblin at you! The hobgoblin closely misses you.
The hobgoblin hits you but does no damage.
The goblin hits you but does no damage. x3; The hobgoblin hits you.
The goblin hits you with a +0 club. The goblin closely misses you.
The goblin hits you but does no damage.
You shoot an arrow. The arrow closely misses the hobgoblin.
The hobgoblin misses you.
The hobgoblin hits you but does no damage.
The goblin closely misses you. The hobgoblin closely misses you.
The goblin hits you but does no damage.
Robin laughs in a distinctly smug fashion.
The goblin hits you with a +0 club.
You shoot an arrow. The arrow barely misses the hobgoblin.
The hobgoblin hits you. The hobgoblin misses you.
The hobgoblin barely misses you.
The goblin hits you but does no damage. x2
The goblin hits you with a +0 club.
You shoot an arrow. The arrow hits the hobgoblin.
You kill the hobgoblin!
The goblin barely misses you. The hobgoblin hits you. x2
The goblin hits you with a +0 club.
You die...

#....#
..#.#...##
#...#...##
...##...#
#.....#..######
#.##.....%....#
....?.........#
.##.gg.......# .
#.g@g......#
#....g)##.###..#
##.###gg..# #..#
#. ...... #..
......%# .
....)....
...........
.....)....##


You could see Robin, 2 hobgoblins and 4 goblins.

Vanquished Creatures
  7 adders
  2 dart slugs
  2 ribbon worms (D:2)
  6 endoplasms
  3 giant cockroaches
  10 goblins
  7 hobgoblins
  4 jackals (D:1)
  2 quokkas
  3 ball pythons
  2 bats
  4 frilled lizards
  3 kobolds
  4 rats
59 creatures vanquished.

Notes
Turn   | Place    | Note
-------+----------+-------------------------------------------
     0 | D:1      | qw the Deep Elf Hunter began the quest for the Orb.
     0 | D:1      | Reached XP level 1. HP: 12/12 MP: 3/3
     0 | D:1      | 0 ||| qw: Version: 0.3-a-155-g5e7d8dd
     0 | D:1      | 0 ||| qw: Game counter: 73
     0 | D:1      | 0 ||| qw: Melee chars always use a shield: true
     0 | D:1      | 0 ||| qw: God list: Okawaru
     0 | D:1      | 0 ||| qw: Allow faded altars: false
     0 | D:1      | 0 ||| qw: Do Orc after clearing Dungeon:15 true
     0 | D:1      | 0 ||| qw: Do second Lair branch before Depths: true
     0 | D:1      | 0 ||| qw: Lair rune preference: random
     0 | D:1      | 0 ||| qw: Goals: Normal
     0 | D:1      | 0 ||| PLANNING D:1-11
   177 | D:1      | Reached XP level 2. HP: 16/16 MP: 4/4
   179 | D:1      | Reached skill level 6 in Ranged Weapons
   670 | D:1      | Reached XP level 3. HP: 20/20 MP: 5/5
   914 | D:1      | 914 ||| UPGRADING to +0 ring mail.
   924 | D:1      | 924 ||| DROPPING +0 leather armour.
   925 | D:1      | 925 ||| READING scroll labelled LIHYMARPHAO.
   929 | D:1      | 929 ||| READING scroll labelled HALLUO VOWO.
   930 | D:1      | 930 ||| READING scroll labelled KOSETUDAOTT.
   930 | D:1      | 930 ||| ENCHANTING +0 ring mail.
   931 | D:1      | 931 ||| READING scroll labelled PILOLA ERASCH.
   931 | D:1      | 931 ||| IDENTIFYING red potion
   932 | D:1      | 932 ||| DRINKING 2 bubbling brown potions.
   933 | D:1      | 933 ||| DRINKING 2 sedimented silvery potions.
  1038 | D:1      | 1038 ||| DROPPING scroll of butterflies.
  1039 | D:1      | 1039 ||| DROPPING potion of berserk rage.
  1100 | D:2      | Reached skill level 7 in Ranged Weapons
  1258 | D:2      | Reached XP level 4. HP: 23/25 MP: 6/6
  1363 | D:2      | Reached skill level 8 in Ranged Weapons
  1529 | D:2      | 1529 ||| READING scroll labelled FIAHUNK MOME.
  1630 | D:2      | 1630 ||| READING scroll labelled DARRAKH YMEU.
  1631 | D:2      | 1631 ||| DRINKING 2 fizzy orange potions.
  1632 | D:2      | 1632 ||| DROPPING potion of degeneration.
  1700 | D:3      | Noticed Robin
  1711 | D:3      | HP: 6/25 [hobgoblin (2)]
  1711 | D:3      | HP: 1/25 [hobgoblin[Robin] (5)]
  1711 | D:3      | Slain by a goblin

Levels and vault maps discovered:
D:1:      beargit_arrival_diablo_church, layout_loops_corners,
          minmay_misc_feat_square, minmay_misc_feat_rows
D:2:      layout_basic, minmay_misc_feat_ornament, st_stairs_1,
          dreamdust_wishing_well
D:3:      layout_rooms, lemuel_coloured_pillars_altar, uniq_robin

Skill      XL: |  1  2  3  4 |
---------------+-------------+-----
Ranged Weapons | 6 7 8 |  8.3
Fighting       | |  1.5
Dodging        | |  2.4
Stealth        | |  1.2

Action                     |  1- 3 |  4- 6 || total
---------------------------+-------+-------++-------
   Fire: Shortbow          |    99 |    55 ||   154
    Use: Scroll            |     4 |     2 ||     6
         Potion            |     2 |     1 ||     3
 Armour: Leather armour    |     8 |       ||     8
         Ring mail         |    20 |    27 ||    47
  Dodge: Dodged            |    36 |    14 ||    50

Table legend:
 A = Non-vault XP
 B = Vault XP
 C = Vault XP percentage of total XP
 D = Non-vault monster count
 E = Vault monster count
 F = Vault count percentage of total count
                 A         B        C        D         E       F
            +---------+---------+-------+---------+---------+-------
      Total |     161 |      27 |  14.4 |      50 |       9 |  15.3
            +---------+---------+-------+---------+---------+-------
        D:1 |      42 |       0 |   0.0 |      23 |       0 |   0.0
        D:2 |     102 |      14 |  12.1 |      23 |       2 |   8.0
        D:3 |      17 |      13 |  43.3 |       4 |       7 |  63.6
            +---------+---------+-------+---------+---------+-------
